 Dungeon Crawl Stone Soup version 0.30-a0-949-g53dc5368d7 (webtiles) character file.

Game seed: 9862388400721661148

177 randolfcarter the Chopper (level 5, -11/47 HPs)
             Began as a Hill Orc Fighter on Mar 27, 2023.
             Mangled by Menkaure (16 damage)
             ... on level 4 of the Dungeon.
             The game lasted 00:05:08 (1124 turns).

randolfcarter the Chopper (Hill Orc Fighter)        Turns: 1124, Time: 00:05:09

Health: -11/47     AC: 10    Str: 21    XL:     5   Next: 57%
Magic:  5/5        EV:  7    Int:  8    God:
Gold:   110        SH:  4    Dex: 10    Spells: 4/4 levels left

rFire   . . .      SeeInvis .    a - +0 war axe
rCold   . . .      Faith    .    c - +0 buckler
rNeg    . . .      Spirit   .    n - +0 chain mail
rPois   .          Reflect  .    (no helmet)
rElec   .          Rampage  .    k - +0 cloak
rCorr   .                        (no gloves)
Will    .....                    (no boots) Stlth
                                 (no amulet)
HPRegen 0.27/turn                (no ring)
MPRegen 0.09/turn                (no ring)

@: no status effects
A: no striking features
a: no special abilities


You were on level 4 of the Dungeon.
You visited 1 branch of the dungeon, and saw 4 of its levels.

You collected 110 gold pieces.

Inventory:

Hand Weapons
 a - a +0 war axe (weapon)
Armour
 c - a +0 buckler (worn)
 k - a +0 cloak (worn)
 n - a +0 chain mail (worn)
Scrolls
 e - a scroll of magic mapping {unknown}
 f - 2 scrolls of identify {unknown}
 g - a scroll of noise {unknown}
 h - a scroll of fear {unknown}
 j - a scroll of blinking {unknown}
 o - a scroll of teleportation {unknown}
Potions
 d - a potion of might
 i - a potion of magic {unknown}
 l - a potion of haste {unknown}
 m - a potion of curing {unknown}


   Skills:
 + Level 4.5 Fighting
 * Level 5.1 Axes
 + Level 4.1 Armour
 + Level 4.1 Shields


You had 4 spell levels left.
You didn't know any spells.
Your spell library contained the following spells:

 Spells                   Type           Power      Damage    Failure   Level
 Magic Dart               Conj           0%         1d3       99%         1
 Searing Ray              Conj           0%         2d4       100%        2
 Fulminant Prism          Conj/Hex       0%         3d5       100%        4


Dungeon Overview and Level Annotations

Branches:
Dungeon (5/15)             Temple (0/1) D:4

Altars:

Shops:
D:1 *

Annotations:
D:4 Grinder, Menkaure


Message History

Menkaure hits you!
You barely miss Menkaure.
Menkaure is lightly damaged.
The adder completely misses you. Menkaure hits you!
You are too injured to fight recklessly!
You hit the adder.
The adder is heavily wounded.
You slash Menkaure! The adder barely misses you. Menkaure hits you!
* * * LOW HITPOINT WARNING * * *
The adder barely misses you.
You hit the adder.
The adder is almost dead.
You closely miss Menkaure. The adder closely misses you.
Menkaure whispers, "It doesn't hurt if you pull your brain out of your nose yourself."
Menkaure casts a spell at you. Pain shoots through your body!
* * * LOW HITPOINT WARNING * * *
You closely miss the adder.
The adder is almost dead.
You slash Menkaure! You block the adder's attack.
Menkaure hits you but does no damage. The adder barely misses you.
You closely miss the adder.
The adder is almost dead.
You barely miss Menkaure. The adder barely misses you.
You block Menkaure's attack.
You miss the adder.
The adder is almost dead.
You barely miss Menkaure. The adder bites you.
* * * LOW HITPOINT WARNING * * *
The adder bites you but does no damage.
Menkaure gestures wildly while chanting.
Menkaure seems to speed up.
You hit the adder.
The adder is almost dead.
You hit Menkaure. The adder bites you but does no damage.
Menkaure hits you but does no damage. The adder barely misses you.
You closely miss the adder.
The adder is almost dead.
You barely miss Menkaure. Menkaure hits you!
You die...

....##P ..#P
....... >..
.....#P .[
.......##.###
........P.P.# .
............#..#
#.[...........
#....S@M......
####.........#
#.....#...#
#..........#
#...........
###........#
##.##.#... ###
###.#


You could see Menkaure (fast) and an adder.

Vanquished Creatures
  3 hounds (D:5)
  Natasha (twice) (D:5)
  A gnoll (D:5)
  An adder (D:5)
  An ufetubus (D:5)
  A dart slug (D:1)
  A bat (D:1)
  A goblin (D:1)
  2 kobolds (D:1)
  A quokka (D:2)
  A ball python (D:1)
  A frilled lizard (D:1)
  A rat (D:1)
17 creatures vanquished.

Notes
Turn   | Place    | Note
-------+----------+-------------------------------------------
     0 | D:1      | randolfcarter the Hill Orc Fighter began the quest for the
                  | Orb.
     0 | D:1      | Reached XP level 1. HP: 19/19 MP: 1/1
   151 | D:1      | Found Uruc's Assorted Antiques.
   237 | D:1      | Reached skill level 3 in Axes
   310 | D:1      | Reached XP level 2. HP: 24/27 MP: 2/2
   771 | D:2      | You fall into a shaft and drop 2 floors!
   773 | D:4      | Noticed Natasha
   778 | D:4      | Noticed Grinder
   784 | D:5      | Entered Level 5 of the Dungeon
   786 | D:5      | Killed Natasha
   787 | D:5      | Reached XP level 3. HP: 18/33 MP: 3/3
   799 | D:5      | Reached skill level 4 in Axes
   799 | D:5      | Reached XP level 4. HP: 11/40 MP: 4/4
   999 | D:5      | Reached XP level 5. HP: 23/47 MP: 5/5
  1017 | D:5      | Noticed Natasha
  1020 | D:5      | Reached skill level 5 in Axes
  1032 | D:5      | Killed Natasha
  1114 | D:4      | Noticed Menkaure
  1114 | D:4      | Found a staircase to the Ecumenical Temple.
  1124 | D:4      | Mangled by Menkaure

Illustrated notes

Levels and vault maps discovered:
D:1:      psy_arrival_basics, layout_loops_ring, serial_shops,
          nicolae_shop_window_shopping, hangedman_abyss_or_decor_stabs,
          st_stairs_2
D:2:      minmay_chambers_of_ones, layout_basic, serial_park_tiny_2,
          chequers_serial_rivers_small_b
D:4:      layout_cave_pools, minmay_temple_entry_gardened_gates, st_stairs_11,
          uniq_sigmund, uniq_menkaure, uniq_grinder, uniq_ijyb, uniq_natasha,
          uniq_duvessa
D:5:      layout_rooms

Skill      XL: |  1  2  3  4  5 |
---------------+----------------+-----
Axes           | 3 4 5 |  5.1
Fighting       | 4 |  4.5
Armour         | 4 |  4.1
Shields        | 4 |  4.1

Action                     |  1- 3 |  4- 6 || total
---------------------------+-------+-------++-------
  Melee: War axe           |    44 |    40 ||    84
 Armour: Scale mail        |    22 |     8 ||    30
         Chain mail        |       |    24 ||    24
  Dodge: Dodged            |    32 |    32 ||    64
  Block: Buckler           |    14 |    11 ||    25

Table legend: (Time is in decaauts)
 A = Elapsed time spent in this place.
 B = Non-inter-level travel time spent in this place.
 C = Inter-level travel time spent in this place.
 D = Time resting spent in this place.
 E = Time spent auto-exploring this place.
 F = Levels seen in this place.
 G = Mean time per level.
                   A        B        C        D        E       F      G
               +--------+--------+--------+--------+--------+-----+--------+
         Total |   1152 |   1152 |      0 |    189 |    580 |   4 |  288.0 |
       Dungeon |   1152 |   1152 |      0 |    189 |    580 |   4 |  288.0 |
               +--------+--------+--------+--------+--------+-----+--------+

Top non-repeatable levels by time:
     D:1: 749 daAuts
     D:5: 345 daAuts
     D:2: 33 daAuts
     D:4: 24 daAuts
